Cogmind - Beta 10.2 @@@ ROGUE MODE // 2020.12.27 @ 01:09:28 Player: Wakanaka Result: Destroyed by G-34 Mercenary with Small Laser Performance ------------- Evolutions (1) 500 Regions Visited (2) 400 Robots Destroyed (26) 130 Value Destroyed (595) 595 Prototype IDs (3) 60 Alien Tech Used (0) 0 Bonus (0) 0 TOTAL SCORE: 1685 Bonus ------- None Cogmind --------- Core Integrity 0/400 Matter 278/300 Energy 100/100 System Corruption 0% Temperature Cool (6) Movement Walking (150) Ox1 Location -9/Materials Parts ------- > --- POWER (1) -------- (None) > --- PROPULSION (2) --- Aluminum Leg Aluminum Leg > --- UTILITY (4) ------ High-capacity Storage Unit Propulsion Shielding Utility Shielding > --- WEAPON (2) ------- Assault Rifle > --- INVENTORY (12) --- Sensor Array Improved Terrain Scanner Utility Shielding Mini Grenade Launcher Peak State ------------ > --- POWER ------------ Light Ion Engine > --- PROPULSION ------- Aluminum Leg Aluminum Leg > --- UTILITY ---------- High-capacity Storage Unit Propulsion Shielding Utility Shielding Hacking Suite > --- WEAPON ----------- Light EM Pulse Cannon Maul > --- INVENTORY -------- Aluminum Leg Aluminum Leg Aluminum Leg Sensor Array Improved Terrain Scanner Propulsion Shielding Utility Shielding Assault Rifle Mini Grenade Launcher [Rating: 14] Favorites ----------- Power Light Ion Engine Engine Light Ion Engine Propulsion Aluminum Leg Leg Aluminum Leg Utility Medium Armor Plating Storage Small Storage Unit Hackware Hacking Suite Protection Medium Armor Plating Weapon Assault Rifle Energy Gun Medium Laser Energy Cannon Beam Cannon Ballistic Gun Assault Rifle Impact Weapon Maul Build | -11 -10 -9 ------- Run | Scr Mat Mat Slots Evolved 2 | . . 2 Power . | . . . Propulsion . | . . . Utility 2 | . . 2 Weapon . | . . . Parts Attached 27 | 6 9 12 Power 3 | 1 1 1 Engine 3 | 1 1 1 Core . | . . . Reactor . | . . . Propulsion 9 | 2 2 5 Treads . | . . . Leg 9 | 2 2 5 Wheel . | . . . Hover . | . . . Flight . | . . . Utility 8 | 1 4 3 Device . | . . . Storage 3 | 1 2 . Processor . | . . . Hackware 1 | . . 1 Protection 4 | . 2 2 Artifact . | . . . Weapon 7 | 2 2 3 Energy Gun 2 | 2 . . Energy Cannon 2 | . 1 1 Ballistic Gun 2 | . 1 1 Ballistic Cannon . | . . . Launcher . | . . . Special Weapon . | . . . Impact Weapon 1 | . . 1 Slashing Weapon . | . . . Piercing Weapon . | . . . Special Melee Weapon . | . . . Unidentified Prototypes . | . . . Parts Lost 16 | . 5 11 Power 3 | . 1 2 Propulsion 6 | . 1 5 Utility 3 | . 1 2 Weapon 4 | . 2 2 Highest Loss Streak 11 | . 3 11 Average Slot Usage (%) 96 | . 99 83 Engine 12 | . 13 7 Leg 26 | . 27 17 Storage 13 | . 14 11 Hackware 1 | . . 7 Protection 14 | . 13 20 Energy Gun 10 | . 11 . Energy Cannon 7 | . 8 6 Ballistic Gun 7 | . 8 6 Naked Turns . | . . . Heaviest Build 43 | 10 41 43 Greatest Support 20 | 20 20 20 Greatest Overweight (x) 13 | . 2 13 Average Overweight (x) . | . . 2 Largest Inventory Capacity 12 | 6 12 12 Average Capacity 8 | 5 7 12 Most Carried 10 | 2 9 10 Average Carried 3 | . 2 6 Final Capacity 12 | 6 12 12 Final Carried 8 | 2 8 4 Class Distribution -------------------- 100% | Mutant Dominant Class ---------------- Mutant | -10/Materials Mutant | -9/Materials Resources | -11 -10 -9 ----------- Run | Scr Mat Mat Matter Collected 520 | 217 217 86 Remotely . | . . . Salvage Created 779 | . 568 211 Parts 62 | . 48 14 Haulers Intercepted . | . . . Recyclers Shooed . | . . . Parts Field Recycled . | . . . Retrieved Matter . | . . . Parts Self-Destructed . | . . . Prevented . | . . . Kills | -11 -10 -9 ------- Run | Scr Mat Mat Combat Hostiles Destroyed 18 | . 13 5 Melee 4 | . . 4 Guns 9 | . 8 1 Cannons 5 | . 5 . Classes Destroyed 7 | . 7 . Worker 1 | . 1 . Tunneler 1 | . 1 . Recycler 1 | . 1 . Operator 2 | . 1 1 Watcher 3 | . 3 . Swarmer 6 | . 6 . Grunt 12 | . 7 5 Best Kill Streak 5 | . 5 2 Combat Bots Only 5 | . 5 2 Max Kills in Single Turn 2 | . 2 1 Gunslinging . | . . . Exploded . | . . . Melee 1 | . . 1 Uniques/NPCs Destroyed . | . . . Combat | -11 -10 -9 -------- Run | Scr Mat Mat Damage Taken 1790 | . 573 1217 Core 474 | . 71 403 Absorbed by Shields . | . . . Core Remaining (%) 85 | 100 71 . Volleys Fired 60 | . 54 6 Largest 2 | . 2 2 Hottest 90 | . 90 80 Shots Fired 108 | . 101 7 Gun 78 | . 72 6 Cannon 30 | . 29 1 Launcher . | . . . Special . | . . . Kinetic 35 | . 29 6 Thermal 73 | . 72 1 Explosive . | . . . Electromagnetic . | . . . Robot Hit Streak 9 | . 9 3 Robot Miss Streak 3 | . 3 3 Penetration Max . | . . . Secondary Targets 1 | . 1 . Max Gunslinging Chain 1 | . 1 . Shots Hit Robots 79 | . 62 17 Core Hits 32 | . 23 9 Critical Hits . | . . . Critical Kills . | . . . Critical Parts Destroyed . | . . . Melee Attacks 17 | . . 17 Impact 17 | . . 17 Slashing . | . . . Piercing . | . . . Sneak Attacks . | . . . Combat Hostiles . | . . . Follow-up Attacks . | . . . Damage Inflicted 1096 | . 668 428 Guns 419 | . 354 65 Cannons 332 | . 314 18 Explosions . | . . . Melee 345 | . . 345 Ramming . | . . . Kinetic 248 | . 183 65 Thermal 503 | . 485 18 Explosive . | . . . Electromagnetic . | . . . Impact 345 | . . 345 Slashing . | . . . Piercing . | . . . Highest Corruption . | . . . Average Corruption . | . . . Corruption Purged . | . . . Overload Shots . | . . . Overflow Damage . | . . . Projectiles . | . . . Explosions . | . . . Melee . | . . . Knockbacks 4 | . . 4 Impact 2 | . . 2 Kinetic . | . . . Secondary 2 | . . 2 Self-Inflicted Damage . | . . . Shots . | . . . Rammed . | . . . Targets Rammed . | . . . Kicked . | . . . Crushed . | . . . Highest Temperature 511 | . 511 9 Average Temperature 117 | . 118 6 Received Heat Transfer 864 | . 186 678 Effects 9 | . 9 . Shutdowns 2 | . 2 . Energy Bleed 1 | . 1 . Interference 2 | . 2 . Matter Decay 1 | . 1 . Damage (major) 3 | . 3 . Siege Activations . | . . . Robots Corrupted . | . . . Combat Hostiles . | . . . Parts Fried . | . . . Impact Corruptions . | . . . Robots Melted . | . . . Combat Hostiles . | . . . Parts Melted 1 | . 1 . Heat Transferred 1173 | . 1136 37 Parts Sabotaged . | . . . Parts Stolen . | . . . Parts Stripped . | . . . Power Chain Reactions . | . . . Missiles Intercepted . | . . . Alert | -11 -10 -9 ------- Run | Scr Mat Mat Peak Influence 195 | . 195 96 Initial 44 | . . 44 Average 91 | . 101 65 Maximum Alert Level . | . . . Low Security (%) 100 | 100 100 100 Level 1 . | . . . Level 2 . | . . . Level 3 . | . . . Level 4 . | . . . Level 5 . | . . . High Security . | . . . Max Security . | . . . Squads Dispatched 4 | . 3 1 Investigation 1 | . 1 . Extermination . | . . . Reinforcement 3 | . 2 1 Assault . | . . . Garrison . | . . . Intercept . | . . . Construction Impeded . | . . . Haulers Reinforced . | . . . Stealth | -11 -10 -9 --------- Run | Scr Mat Mat Distress Signals 2 | . 2 . Communications Jammed . | . . . Distress Signals . | . . . Times Spotted 34 | . 26 8 Peak Tracking Total 5 | . 4 5 Tactical Retreats . | . . . Traps | -11 -10 -9 ------- Run | Scr Mat Mat Traps Triggered 1 | . 1 . Indirectly . | . . . Trap Hack Attempts . | . . . Triggered . | . . . Disarmed . | . . . Reprogrammed . | . . . Reused . | . . . Traps Extracted . | . . . Installed . | . . . Triggered . | . . . Machines | -11 -10 -9 ---------- Run | Scr Mat Mat Machines Disabled 2 | . 2 . Max in Single Turn 1 | . 1 . Machines Sabotaged . | . . . Garrisons Compromised . | . . . Overloaded Fab Kills . | . . . Fab Network Shutdowns . | . . . Hacking | -11 -10 -9 --------- Run | Scr Mat Mat Machines Accessed 8 | . 5 3 Terminals 6 | . 4 2 Fabricators . | . . . Repair Stations . | . . . Recycling Units 2 | . 1 1 Scanalyzers . | . . . Garrison Access . | . . . Total Hacks 26 | . 16 10 Successful 20 | . 11 9 Failed 6 | . 5 1 Catastrophic . | . . . Database Lockouts . | . . . Manual . | . . . Terminals 23 | . 15 8 Fabricators . | . . . Repair Stations . | . . . Recycling Units 3 | . 1 2 Scanalyzers . | . . . Garrison Access . | . . . Terminal Hacks 18 | . 11 7 Record 5 | . 3 2 Prototype ID Bank 2 | . 2 . Alert Level 3 | . 2 1 Locate Traps 1 | . 1 . Maintenance Status 2 | . 1 1 Transport Status 1 | . 1 . Hauler Manifests 1 | . . 1 Zone Layout 3 | . 1 2 Fabricator Hacks . | . . . Repair Station Hacks . | . . . Recycling Unit Hacks 2 | . . 2 Report Inventory 1 | . . 1 Retrieve Components 1 | . . 1 Scanalyzer . | . . . Garrison Access Hacks . | . . . Unauthorized Hacks . | . . . Terminals . | . . . Fabricators . | . . . Repair Stations . | . . . Recycling Units . | . . . Scanalyzers . | . . . Garrison Access . | . . . Data Cores Recovered . | . . . Used . | . . . Hacking Detections 6 | . 4 2 Full Trace Events 1 | . 1 . Feedback Events . | . . . Feedback Blocked . | . . . Robot Schematics Acquired . | . . . Robots Built . | . . . Matter . | . . . Time . | . . . Total Robot Build Rating . | . . . Part Schematics Acquired . | . . . Parts Built . | . . . Matter . | . . . Time . | . . . Total Part Build Rating . | . . . Parts Repaired . | . . . Time . | . . . Parts Recycled . | . . . Recycled Matter . | . . . Retrieved Matter . | . . . Retrieved Components 3 | . . 3 Parts Scanalyzed . | . . . Part Schematics Acquired . | . . . Parts Damaged . | . . . Bothacking | -11 -10 -9 ------------ Run | Scr Mat Mat Used RIF Installer . | . . . Robots Hacked . | . . . Non-combat . | . . . Combat . | . . . Robot Hacks Applied . | . . . Relay Couplers Released . | . . . Robots Rewired . | . . . Allies Hacked . | . . . Hacks Repelled . | . . . Allies | -11 -10 -9 -------- Run | Scr Mat Mat Total Allies . | . . . Largest Group . | . . . Highest-Rated Group . | . . . Highest-Rated Ally . | . . . Total Orders . | . . . Ally Attacks . | . . . Total Damage . | . . . Kills . | . . . Allies Corrupted . | . . . Allies Melted . | . . . Intel | -11 -10 -9 ------- Run | Scr Mat Mat Robot Analysis Total . | . . . Derelict Logs Recovered . | . . . Drone Launches . | . . . Drone Recoveries . | . . . Exploration | -11 -10 -9 ------------- Run | Scr Mat Mat Turns Passed 1282 | 61 1030 191 Spaces Moved 740 | 44 639 57 Core 4 | 3 . 1 Treads . | . . . Legs 736 | 41 639 56 Wheels . | . . . Hover . | . . . Flight . | . . . Fastest Speed 50 | 50 120 150 Average Speed 136 | 115 133 189 Slowest Speed 700 | 120 180 700 Overloaded Moves . | . . . Propulsion Burnouts . | . . . Robots Hopped . | . . . Cave-ins Triggered . | . . . Exploration Rate (%) 34 | 3 93 6 Regions Visited 2 Branch Regions . Pre-discovered Areas . | . . . Known Exits Taken . | . . . Unknown Exits Taken 2 | 1 1 . Scrap Searched . | . . . Spaces Dug . | . . . Terrain Destroyed . | . . . Melee . | . . . Projectile . | . . . AOE . | . . . Terrain Rammed . | . . . Walls Destroyed . | . . . Machines Disabled . | . . . Actions | -11 -10 -9 --------- Run | Scr Mat Mat Total 863 | 51 715 97 Wait 1 | . 1 . Move 738 | 43 638 57 Hop . | . . . Pick Up 17 | 2 11 4 Fast Attach 11 | 6 2 3 Attach 12 | . 4 8 Detach . | . . . Swap 4 | . 3 1 Drop 3 | . 2 1 Fire 60 | . 54 6 Melee 17 | . . 17 Ram . | . . . Kick . | . . . Crush . | . . . Escape Stasis . | . . . Rewire . | . . . Trap . | . . . Miscellaneous . | . . . Route ------- -11/Scrapyard -10/Materials (discovered 4 exits: *Mat x3 / [*Min]) -9/Materials History --------- Turn | Location | Event 6 | -11/Scrapyard | Discovered new exit (range 16) 62 | -11/Scrapyard | Entered Materials 301 | -10/Materials | Discovered new exit (range 5) 309 | -10/Materials | Build established: Mutant 374 | -10/Materials | Discovered new exit (range 16) 422 | -10/Materials | Discovered new exit (range 4) 533 | -10/Materials | Lost 3 parts (1p2w) 835 | -10/Materials | Discovered new exit (range 7) 1092 | -10/Materials | Entered another Materials area 1092 | -9/Materials | Evolved 2 slots: Utility x2 1240 | -9/Materials | Core integrity fell below 50% 1264 | -9/Materials | Core integrity fell below 20% 1283 | -9/Materials | Destroyed by G-34 Mercenary with Small Laser Last Messages --------------- 01241_ G-34 Mercenary destroyed. 01241_ K-01 Serf collects debris. 01243_ Aluminum Leg destroyed. 01244_ K-01 Serf collects debris. 01244_ Aluminum Leg destroyed. 01246_ Acquired Ion Engine. 01247_ K-01 Serf collects debris. 01252_ G-47 Trooper knocked back. 01254_ K-01 Serf collects debris. 01255_ Aluminum Leg destroyed. 01257_ K-01 Serf collects debris. 01262_ Ion Engine destroyed. 01262_ K-01 Serf collects debris. 01262_ Acquired Aluminum Leg. 01265_ K-01 Serf collects debris. 01265_ Maul destroyed. 01268_ G-34 Mercenary destroyed. 01269_ Acquired 38 matter. 01270_ K-01 Serf collects debris. 01272_ Acquired Aluminum Leg. Map ----- +----------------------------------------------------+ | | | | | | | | | | | | | | | | | | | | | | | | | ???????????????????????##########????????????????? | | ???????##########??????# #????????????????? | | ???????# #??????# """ #????????????????? | | ???????# """"" #??????# """ #????????????????? | | ???????# """"" #??????# """ #????????????????? | | ???????# """"" #??????# #????????????????? | | ???????# #??????# #????????????????? | | ???????# """ #??????# " " #????????????????? | | ???????# """ #??????# "R" #""" ??????????? | | ???????# """ #??????# """ # ??????????? | | ???????# ###??#######+########+###????????? | | ??????######+####T#### a%![[ ???????? | | ??????# a [%%g= #?????????? | | ??????# a @g[ #?????????? | | ??????# =### #### #?????????? | | ??????##### "" #?# #??# ??????????? | | ?????????## """"" ### #??# ??????????? | | ?????????#" = /! """"" ]""# #??## ??????????? | | ?????????#T= /! """" Y"# #??####??????????? | | ?????????#" ! """ ""# #????????????????? | | ?????????## ### #????????????????? | | ??????????# #?# #????????????????? | | ?????################ #?# #????????????????? | | ?????# #????###T###?# #????????????????? | | ??#### ############## #######??????????? | | ?? # / # ??????????? | | ?? # ############## # """ ??????????? | | ????????"" """ #????????????# # """ ??????????? | | ????????"" """ #????????##### # """ ??????????? | | ????????"" """ #????????# # ??????????? | | ???????? #????????# # """ ??????????? | | ????????#/######????????# # """ ??????????? | | ????????# #?????????????# # """ ??????????? | | ????????# #?????????????# # ??????????? | | ????????# #?????????????# # """ ??????????? | | ????????# #???############### # """ ??????????? | | ????????# ##??# T + / """ ??????????? | | ???????? #??# # # ??????????? | +----------------------------------------------------+ Best States ------------- Heat Dissipation 28 Energy Generation 10 Energy Capacity 250 Matter Stores 300 Matter Capacity 300 Sight Range 16 Terrain Scan Density 10 Armor Coverage 225 Propulsion Shielding 33 Utility Shielding 33 Evasion (%) 40 Offensive Hacking 10 Item Schematics ----------------- None Robot Schematics ------------------ None Fabricated ------------ Nothing Alien Tech Used ----------------- None Achievements -------------- None Challenges ------------ None Game ------ Seed LinkedHeavyFrame Manual? 0 Play Time 00:19:38 Cumulative 7.9 hours Start 2020.12.27 @ 00:50:55 End 2020.12.27 @ 01:09:28 Sessions 1 Manual Loads 0 Difficulty Rogue Special Mode None Game No. 7 Rogue 7 Adventurer 0 Explorer 0 Win Type - Total 0 Types 0/0/0/0/0/0/0/0/0 Lore% 13 Gallery% 13 Achievement% 10 Wizard Run 0 Options --------- ASCII 0 Keyboard 0 Movement Arrows Keybinds 0 Fullscreen 1 Font 18/Terminus Map View 76x50 Tactical HUD 1 Map Filters NONE Filters NONE Steam 1 RUN: 8de20ecd-4d90-451f-abcf-131c87d4ceee